 Dungeon Crawl Stone Soup version 0.31-a0-164-g2312942fda (webtiles) character file.

Game seed: 9484951294353641048

1015 qw the Skirmisher (level 8, -1/74 HPs)
             Began as a Naga Hunter on June 13, 2023.
             Was an Initiate of Okawaru.
             Slain by Pikel
             ... wielding a +1 whip of flaming
              (4 damage)
             ... on level 5 of the Dungeon.
             The game lasted 00:02:02 (4450 turns).

qw the Skirmisher (Naga Hunter)                     Turns: 4450, Time: 00:02:02

Health: -1/74      AC:  5    Str: 13    XL:     8   Next: 21%
Magic:  8/8        EV: 10    Int: 10    God:    Okawaru [......]
Gold:   259        SH:  0    Dex: 17    Spells: 7/7 levels left

rFire   . . .        Y - +0 shortbow (flame)
rCold   . . .        (shield currently unavailable)
rNeg    . . .        c - +0 leather armour
rPois   +            (no helmet)
rElec   .            (no cloak)
rCorr   .            d - +0 pair of gloves
SInv    +            (no barding)
Will    +....        a - amulet of regeneration
Stlth   ++           (no ring)
HPRegen 1.12/turn    (no ring)
MPRegen 0.11/turn

%: no passive effects
@: short of breath, very slow
A: AC +2, large, see invisible, deformed body, poison resistance, slowness 2,
spit poison 1, naga tail 1
a: Spit Poison, Renounce Religion


You were on level 5 of the Dungeon.
You worshipped Okawaru.
Okawaru was noncommittal.
You visited 2 branches of the dungeon, and saw 6 of its levels.
You also visited: Sewer.

You collected 259 gold pieces.


Innate Abilities, Weirdness & Mutations

Your serpentine skin is tough. (AC +2)
You have supernaturally acute eyesight. (SInv)
Armour fits poorly on your strangely shaped body.
Your system is resistant to poisons. (rPois)
You cover ground very slowly.
You can spit poison.
You have a snake-like lower body.


   Skills:
 - Level 5.0 Fighting
 + Level 8.1 Ranged Weapons
 - Level 2.0 Dodging
 - Level 1.5 Stealth


You had 7 spell levels left.
You didn't know any spells.
Your spell library was empty.

Inventory:

Hand Weapons
 Y - a +0 shortbow of flaming (weapon)
Armour
 c - a +0 leather armour (worn)
 d - a +0 pair of gloves (worn)
Jewellery
 a - an amulet of regeneration (around neck)
Scrolls
 j - a scroll of identify
Potions
 e - 5 potions of curing
 k - a potion of haste {unknown}

Dungeon Overview and Level Annotations

Branches:
Dungeon (5/15)             Temple (1/1) D:5           Sewer (visited)

Altars:
Cheibriados
Dithmenos
Elyvilon
Hepliaklqana
Kikubaaqudgha
Makhleb
Nemelex Xobeh
Okawaru
Ru
Sif Muna
Trog
Uskayaw
Wu Jian
Xom
Yredelemnul
Zin
The Shining One

Annotations:
D:5 Pikel


Message History

Pikel hits you with a +1 whip of flaming.
Pikel burns you.
4443 ||| INVOKING Spit Poison.
Aiming: Spit Poison (1% risk of failure)
Press: ? - help, Shift-Dir - straight line, f/p - Pikel The splash of poison misses Pikel.
Pikel barely misses you.
You shoot an arrow. The arrow hits Pikel.
The arrow burns Pikel.
Pikel is heavily wounded.
Pikel hits you with a +1 whip of flaming.
Pikel burns you.
You shoot an arrow. The arrow hits Pikel!
The arrow burns Pikel.
Pikel is severely wounded.
Pikel hits you with a +1 whip of flaming.
Pikel burns you.
You shoot an arrow. The arrow closely misses Pikel.
Pikel hits you with a +1 whip of flaming.
Pikel burns you.
You shoot an arrow.
The arrow hits Pikel but does no damage.
Pikel is severely wounded.
You have got your breath back.
Pikel hits you with a +1 whip of flaming.
Pikel burns you.
4448 ||| DRINKING potion of heal wounds.
You feel much better.
Pikel hits you with a +1 whip of flaming!
Pikel burns you.
4449 ||| INVOKING Spit Poison.
Aiming: Spit Poison (1% risk of failure)
Press: ? - help, Shift-Dir - straight line, f/p - Pikel The splash of poison hits Pikel.
Pikel is poisoned.
Pikel is severely wounded.
Pikel hits you with a +1 whip of flaming.
Pikel burns you.
You shoot an arrow. The arrow hits Pikel.
The arrow burns Pikel.
Pikel is almost dead.
Pikel hits you with a +1 whip of flaming!
Pikel burns you.
You die...

#####.....>.................##.#
...............##..............#
....##.........##...........##.#
...............##....#.#######.##
....##....#....##....#+#######...
......(........##................
######.........#.................
#####..........#.................
...##...##.....K@....#...........
........##....##.........)####.##
.......###....##.............#.#
.......# #....##..........##.#.#
.......# #.#.###..........##.#.#
###....###.#.# #..........##.#.#
#.........<#.# #..........##.#.#
#.#....###.#.# #..........##.#.##
...........#.# #..........##.#.#.


You could see Pikel (poisoned).

Vanquished Creatures
  Sigmund (D:2)
  A black bear (D:3)
  4 ogres
  4 lemures (D:5)
  A howler monkey (D:5)
  A crimson imp (D:4)
  3 jellies
  A hound (D:4)
  A sleepcap (D:5)
  A hell rat (Sewer)
  8 adders
  A river rat (Sewer)
  2 ufetubi (D:5)
  A worm (D:3)
  2 dart slugs
  5 orcs (D:3)
  7 bats
  6 endoplasms
  11 giant cockroaches
  5 goblins
  10 hobgoblins
  3 jackals (D:1)
  4 quokkas
  8 ball pythons
  2 frilled lizards
  2 goblin skeletons (D:4)
  3 hobgoblin zombies (D:4)
  8 kobolds
  A kobold skeleton (D:4)
  A kobold zombie (D:4)
  An orc skeleton (D:4)
  3 orc zombies (D:4)
  11 rats
123 creatures vanquished.

Notes
Turn   | Place    | Note
-------+----------+-------------------------------------------
     0 | D:1      | qw the Naga Hunter began the quest for the Orb.
     0 | D:1      | Reached XP level 1. HP: 19/19 MP: 1/1
     0 | D:1      | 0 ||| qw: Version: 0.2-a-29-gc1b59c4
     0 | D:1      | 0 ||| qw: Game counter: 4502
     0 | D:1      | 0 ||| qw: Always use a shield: true
     0 | D:1      | 0 ||| qw: God list: Okawaru
     0 | D:1      | 0 ||| qw: Allow faded altars: false
     0 | D:1      | 0 ||| qw: Do Orc after D:15 true
     0 | D:1      | 0 ||| qw: Do second Lair branch before Depths: true
     0 | D:1      | 0 ||| qw: Lair rune preference: random
     0 | D:1      | 0 ||| qw: Plans: Normal
     0 | D:1      | 0 ||| PLANNING D:1-11
    21 | D:1      | 21 ||| DROPPING scroll of butterflies.
    23 | D:1      | 23 ||| INVOKING Spit Poison.
    24 | D:1      | 24 ||| INVOKING Spit Poison.
    48 | D:1      | 48 ||| INVOKING Spit Poison.
   114 | D:1      | 114 ||| INVOKING Spit Poison.
   224 | D:1      | 224 ||| INVOKING Spit Poison.
   249 | D:1      | 249 ||| INVOKING Spit Poison.
   256 | D:1      | 256 ||| INVOKING Spit Poison.
   257 | D:1      | Reached skill level 4 in Ranged Weapons
   257 | D:1      | Reached XP level 2. HP: 26/26 MP: 2/2
   261 | D:1      | 261 ||| INVOKING Spit Poison.
   277 | D:1      | 277 ||| INVOKING Spit Poison.
   284 | D:1      | 284 ||| INVOKING Spit Poison.
   291 | D:1      | 291 ||| INVOKING Spit Poison.
   295 | D:1      | 295 ||| INVOKING Spit Poison.
   424 | D:1      | 424 ||| INVOKING Spit Poison.
   428 | D:1      | 428 ||| INVOKING Spit Poison.
   501 | D:1      | 501 ||| INVOKING Spit Poison.
   657 | D:1      | Reached XP level 3. HP: 32/32 MP: 3/3
   683 | D:1      | 683 ||| INVOKING Spit Poison.
   827 | D:1      | 827 ||| UPGRADING to +0 pair of gloves.
   832 | D:1      | 832 ||| READING scroll labelled VIORHAMOITH.
   833 | D:1      | 833 ||| READING scroll labelled HIQIFO MIAS.
   834 | D:1      | 834 ||| READING scroll labelled OREKUU QOGYENK.
   835 | D:1      | 835 ||| DRINKING 3 green potions.
   879 | D:2      | 879 ||| INVOKING Spit Poison.
   963 | D:2      | 963 ||| INVOKING Spit Poison.
   964 | D:2      | 964 ||| INVOKING Spit Poison.
  1009 | D:2      | 1009 ||| INVOKING Spit Poison.
  1016 | D:2      | 1016 ||| INVOKING Spit Poison.
  1020 | D:2      | 1020 ||| INVOKING Spit Poison.
  1033 | D:2      | 1033 ||| INVOKING Spit Poison.
  1055 | D:2      | 1055 ||| INVOKING Spit Poison.
  1056 | D:2      | 1056 ||| INVOKING Spit Poison.
  1209 | D:2      | 1209 ||| INVOKING Spit Poison.
  1215 | D:2      | 1215 ||| INVOKING Spit Poison.
  1237 | D:2      | 1237 ||| INVOKING Spit Poison.
  1243 | D:2      | 1243 ||| INVOKING Spit Poison.
  1354 | D:2      | Noticed Sigmund
  1358 | D:2      | 1358 ||| INVOKING Spit Poison.
  1362 | D:2      | 1362 ||| INVOKING Spit Poison.
  1366 | D:2      | Killed Sigmund
  1367 | D:2      | Reached skill level 6 in Ranged Weapons
  1367 | D:2      | Reached XP level 4. HP: 39/39 MP: 4/4
  1367 | D:2      | Reached XP level 5. HP: 45/45 MP: 5/5
  1527 | D:2      | 1527 ||| UPGRADING to amulet of regeneration.
  1532 | D:2      | 1532 ||| READING scroll labelled AMEVICLIAT.
  1533 | D:2      | 1533 ||| READING scroll labelled RILAM YSMU.
  1534 | D:2      | 1534 ||| READING scroll labelled ZACEYMYEWN.
  1571 | D:3      | 1571 ||| INVOKING Spit Poison.
  1594 | D:3      | 1594 ||| INVOKING Spit Poison.
  1595 | D:3      | 1595 ||| INVOKING Spit Poison.
  1606 | D:3      | 1606 ||| INVOKING Spit Poison.
  1609 | D:3      | 1609 ||| INVOKING Spit Poison.
  1616 | D:3      | Found a hide-covered altar of Uskayaw.
  1617 | D:3      | 1617 ||| INVOKING Spit Poison.
  1687 | D:3      | 1687 ||| INVOKING Spit Poison.
  1731 | D:3      | 1731 ||| INVOKING Spit Poison.
  1734 | D:3      | 1734 ||| INVOKING Spit Poison.
  1852 | D:3      | 1852 ||| INVOKING Spit Poison.
  1856 | D:3      | Found a shadowy altar of Dithmenos.
  1857 | D:3      | 1857 ||| INVOKING Spit Poison.
  1863 | D:3      | 1863 ||| Stepping ~*~*~tactically~*~*~ (outnumbered).
  1865 | D:3      | 1865 ||| Stepping ~*~*~tactically~*~*~ (outnumbered).
  1867 | D:3      | 1867 ||| INVOKING Spit Poison.
  1873 | D:3      | Reached XP level 6. HP: 44/55 MP: 6/6
  1873 | D:3      | 1873 ||| INVOKING Spit Poison.
  1878 | D:3      | 1878 ||| INVOKING Spit Poison.
  1882 | D:3      | 1882 ||| INVOKING Spit Poison.
  1892 | D:3      | 1892 ||| INVOKING Spit Poison.
  1896 | D:3      | 1896 ||| INVOKING Spit Poison.
  1992 | D:3      | Noticed a black bear
  1993 | D:3      | 1993 ||| INVOKING Spit Poison.
  1998 | D:3      | Killed a black bear
  1999 | D:3      | Reached skill level 3 in Fighting
  2027 | D:3      | Found a faded altar of an unknown god.
  2082 | D:3      | 2082 ||| INVOKING Spit Poison.
  2113 | D:3      | 2113 ||| INVOKING Spit Poison.
  2432 | D:3      | 2432 ||| READING scroll labelled TIAKOLA LUCH.
  2433 | D:3      | 2433 ||| READING scroll labelled ETAOTEPHISSO.
  2434 | D:3      | 2434 ||| READING 3 scrolls of identify.
  2434 | D:3      | 2434 ||| IDENTIFYING yellow potion
  2435 | D:3      | 2435 ||| READING 2 scrolls of identify.
  2435 | D:3      | 2435 ||| IDENTIFYING golden potion
  2436 | D:3      | 2436 ||| DROPPING potion of lignification.
  2437 | D:3      | 2437 ||| DROPPING potion of magic.
  2462 | D:4      | 2462 ||| INVOKING Spit Poison.
  2468 | D:4      | 2468 ||| INVOKING Spit Poison.
  2472 | D:4      | 2472 ||| INVOKING Spit Poison.
  2554 | D:4      | 2554 ||| INVOKING Spit Poison.
  2572 | D:4      | 2572 ||| INVOKING Spit Poison.
  2601 | D:4      | 2601 ||| INVOKING Spit Poison.
  2608 | D:4      | 2608 ||| INVOKING Spit Poison.
  2651 | D:4      | 2651 ||| INVOKING Spit Poison.
  2734 | D:4      | 2734 ||| INVOKING Spit Poison.
  2737 | D:4      | 2737 ||| INVOKING Spit Poison.
  2739 | D:4      | Reached XP level 7. HP: 51/64 MP: 7/7
  2742 | D:4      | 2742 ||| INVOKING Spit Poison.
  2771 | D:4      | 2771 ||| INVOKING Spit Poison.
  2774 | D:4      | 2774 ||| INVOKING Spit Poison.
  2800 | D:4      | 2800 ||| INVOKING Spit Poison.
  2803 | D:4      | Identified the +2 hand axe "Lisacam" {pain, *Rage rN++
                  | Int+5}
  2838 | D:4      | Reached skill level 7 in Ranged Weapons
  2839 | D:4      | 2839 ||| INVOKING Spit Poison.
  2847 | D:4      | Found a glowing golden altar of the Shining One.
  2901 | D:4      | 2901 ||| INVOKING Spit Poison.
  2913 | D:4      | 2913 ||| INVOKING Spit Poison.
  2938 | D:4      | 2938 ||| INVOKING Spit Poison.
  2943 | D:4      | 2943 ||| INVOKING Spit Poison.
  2950 | D:4      | 2950 ||| INVOKING Spit Poison.
  2957 | D:4      | 2957 ||| INVOKING Spit Poison.
  2959 | D:4      | HP: 14/64 [adder (3)]
  2963 | D:4      | 2963 ||| INVOKING Spit Poison.
  2966 | D:4      | HP: 16/64 [adder (1)]
  2970 | D:4      | 2970 ||| INVOKING Spit Poison.
  3294 | D:4      | 3294 ||| READING 2 scrolls of identify.
  3294 | D:4      | 3294 ||| IDENTIFYING coppery potion
  3295 | D:4      | 3295 ||| DROPPING potion of degeneration.
  3309 | D:5      | Entered Level 5 of the Dungeon
  3310 | D:5      | 3310 ||| PLANNING SEWER
  3342 | D:5      | 3342 ||| INVOKING Spit Poison.
  3343 | D:5      | 3343 ||| INVOKING Spit Poison.
  3353 | D:5      | Found a glowing drain.
  3354 | D:5      | 3354 ||| INVOKING Spit Poison.
  3360 | D:5      | 3360 ||| INVOKING Spit Poison.
  3372 | Sewer    | Entered a sewer
  3380 | Sewer    | 3380 ||| INVOKING Spit Poison.
  3386 | Sewer    | 3386 ||| INVOKING Spit Poison.
  3393 | Sewer    | 3393 ||| INVOKING Spit Poison.
  3408 | Sewer    | 3408 ||| INVOKING Spit Poison.
  3412 | Sewer    | 3412 ||| INVOKING Spit Poison.
  3416 | Sewer    | 3416 ||| INVOKING Spit Poison.
  3438 | Sewer    | 3438 ||| INVOKING Spit Poison.
  3447 | Sewer    | 3447 ||| READING 2 scrolls labelled CIG LEASCHISUE.
  3452 | Sewer    | 3452 ||| READING scroll labelled ZIGRIRGHUOS.
  3457 | D:5      | 3457 ||| PLANNING D:1-11
  3481 | D:5      | 3481 ||| INVOKING Spit Poison.
  3489 | D:5      | 3489 ||| INVOKING Spit Poison.
  3494 | D:5      | 3494 ||| INVOKING Spit Poison.
  3499 | D:5      | 3499 ||| INVOKING Spit Poison.
  3506 | D:5      | 3506 ||| INVOKING Spit Poison.
  3509 | D:5      | 3509 ||| INVOKING Spit Poison.
  3512 | D:5      | Noticed Pikel
  3513 | D:5      | 3513 ||| INVOKING Spit Poison.
  3517 | D:5      | 3517 ||| INVOKING Spit Poison.
  3524 | D:5      | 3524 ||| INVOKING Spit Poison.
  3524 | D:5      | HP: 15/64 [lemure[Pikel] (6)]
  3525 | D:5      | 3525 ||| READING scroll of teleportation.
  3527 | D:5      | 3527 ||| INVOKING Spit Poison.
  3650 | D:5      | 3650 ||| INVOKING Spit Poison.
  3656 | D:5      | 3656 ||| INVOKING Spit Poison.
  3657 | D:5      | Reached skill level 8 in Ranged Weapons
  3726 | D:5      | Reached XP level 8. HP: 46/72 MP: 8/8
  3876 | D:5      | 3876 ||| INVOKING Spit Poison.
  3879 | D:5      | 3879 ||| INVOKING Spit Poison.
  3886 | D:5      | 3886 ||| INVOKING Spit Poison.
  4105 | D:5      | 4105 ||| INVOKING Spit Poison.
  4169 | D:5      | Found a staircase to the Ecumenical Temple.
  4170 | D:5      | 4170 ||| PLANNING TEMPLE
  4170 | D:5      | 4170 ||| READING scroll labelled ODOMME LYFOTWI.
  4171 | D:5      | 4171 ||| READING scroll labelled SOPTUR ELOQ.
  4172 | D:5      | 4172 ||| READING 2 scrolls of identify.
  4172 | D:5      | 4172 ||| IDENTIFYING fuming white potion
  4179 | Temple   | Entered the Ecumenical Temple
  4193 | Temple   | 4193 ||| PLANNING OKAWARU WORSHIP
  4230 | Temple   | Became a worshipper of Warmaster Okawaru
  4230 | Temple   | 4230 ||| PLANNING D:1-11
  4244 | D:5      | 4244 ||| INVOKING Spit Poison.
  4319 | D:5      | Identified the +6 spear of the Six Gods {flame, Int+3}
  4396 | D:5      | 4396 ||| INVOKING Spit Poison.
  4400 | D:5      | 4400 ||| INVOKING Spit Poison.
  4405 | D:5      | 4405 ||| INVOKING Spit Poison.
  4410 | D:5      | 4410 ||| INVOKING Spit Poison.
  4415 | D:5      | 4415 ||| INVOKING Spit Poison.
  4433 | D:5      | 4433 ||| INVOKING Spit Poison.
  4439 | D:5      | 4439 ||| INVOKING Spit Poison.
  4443 | D:5      | 4443 ||| INVOKING Spit Poison.
  4447 | D:5      | HP: 18/74 [Pikel/+1 whip of flaming (5)]
  4448 | D:5      | 4448 ||| DRINKING potion of heal wounds.
  4449 | D:5      | 4449 ||| INVOKING Spit Poison.
  4450 | D:5      | HP: 3/74 [Pikel/+1 whip of flaming (10)]
  4450 | D:5      | Slain by Pikel

Levels and vault maps discovered:
D:1:      roderic_crop_circles_arrival_small, layout_loops_corners
D:2:      layout_basic, corner_web_ring, serial_park_tiny_2,
          corexii_corridor_pit, uniq_sigmund
D:3:      layout_basic, general_overflow_altar, mainiacjoe_overflow_boulevard,
          shapermc_ecumenical_altar_mp_urbaneastern
D:4:      layout_basic, nicolae_tso_besieged_by_evil,
          hangedman_decor_diamond_cutter
D:5:      layout_basic, temple_green, gup_sewer_entry_pipe,
          lightli_corner_chamber, uniq_pikel
Temple:   nicolae_temple_ecumenical_triangle

Skill      XL: |  1  2  3  4  5  6  7  8 |
---------------+-------------------------+-----
Ranged Weapons | 4 6 8 |  8.1
Fighting       | 4 5 |  5.0
Dodging        | 2 |  2.0
Stealth        | |  1.5

Action                     |  1- 3 |  4- 6 |  7- 9 || total
---------------------------+-------+-------+-------++-------
   Fire: Shortbow          |    58 |    76 |   230 ||   364
Ability: Spit Poison       |    28 |    29 |    49 ||   106
    Use: Scroll            |     3 |     7 |     7 ||    17
         Potion            |     1 |       |     1 ||     2
 Armour: Leather armour    |     5 |    15 |    60 ||    80
  Dodge: Dodged            |     9 |    24 |    87 ||   120

Table legend:
 A = Non-vault XP
 B = Vault XP
 C = Vault XP percentage of total XP
 D = Non-vault monster count
 E = Vault monster count
 F = Vault count percentage of total count
                 A         B        C        D         E       F
            +---------+---------+-------+---------+---------+-------
      Total |    1107 |     343 |  23.7 |      89 |      30 |  25.2
            +---------+---------+-------+---------+---------+-------
        D:1 |      38 |       0 |   0.0 |      22 |       0 |   0.0
        D:2 |      22 |     214 |  90.7 |      13 |       1 |   7.1
        D:3 |     179 |       0 |   0.0 |      20 |       0 |   0.0
        D:4 |     455 |      57 |  11.1 |      24 |      12 |  33.3
        D:5 |     413 |      16 |   3.7 |      10 |       8 |  44.4
      Sewer |       0 |      56 | 100.0 |       0 |       9 | 100.0
            +---------+---------+-------+---------+---------+-------
